 Dungeon Sprint DCSS version 0.21-a0-460-g737a915 (webtiles) character file.

25064 Kidiri the Fighter (level 12, -2/154 HPs)
             Began as a Yellow Draconian Transmuter on Nov 20, 2017.
             Was the Champion of Sif Muna.
             Slain by a snapping turtle (12 damage)
             ... in the Dungeon (Sprint III: "The Ten Rune Challenge").
             The game lasted 00:45:52 (8844 turns).

Kidiri the Fighter (Yellow Draconian Transmuter)    Turns: 8844, Time: 00:45:52

Health: -2/154     AC:  7    Str: 14    XL:     12   Next: 86%
Magic:  34/34      EV: 18    Int: 14    God:    Sif Muna [******]
Gold:   1687       SH:  0    Dex: 15    Spells: 2/30 levels left

rFire    x . .     SeeInvis .     - Unarmed
rCold    + + +     Gourm    .   (shield currently unavailable)
rNeg     . . .     Faith    .   (armour unavailable)
rPois    +         Spirit   .   (helmet currently unavailable)
rElec    .         Reflect  .   (cloak currently unavailable)
rCorr    .         Harm     .   (gloves currently unavailable)
MR       .....     NoTele   +   (boots currently unavailable)
Stlth    ++++......             (no amulet)
HPRegen  0.35/turn              m - ring of wizardry
MPRegen  0.24/turn              f - ring of magical power

@: ice-form
A: (spit acid), (acid resistance), unfitting armour, mutation resistance 1,
robust 1, AC +8
a: End Transformation, Divine Energy, Channel Magic, Forget Spell, Renounce
Religion


You were in the Dungeon.
You worshipped Sif Muna.
Sif Muna was exalted by your worship.
You were hungry.
You were a creature of crystalline ice.
You visited 1 branch You collected 2275 gold pieces.
You spent 588 gold pieces at shops.

Inventory:

Missiles
 a - 42 arrows
 n - 7 throwing nets (quivered)
 x - 7 tomahawks
 y - 7 javelins
Armour
 e - a +2 hat of magic resistance (melded)
 o - a +0 cloak (melded)
Jewellery
 f - a ring of magical power (right front paw)
 m - a ring of wizardry (left front paw)
Wands
 c - a wand of flame (22)
Scrolls
 q - a scroll of immolation
 s - 2 scrolls of remove curse {unknown}
 v - a scroll of holy word
Potions
 g - 2 potions of magic
 h - a potion of experience {unknown}
 i - a potion of berserk rage
 j - a potion of brilliance
 k - a potion of lignification
 l - a potion of agility {unknown}
 p - 2 potions of mutation
 r - 2 potions of invisibility
 u - 4 potions of flight
 B - 2 potions of curing
 C - a potion of might
 D - a potion of cancellation
 E - a potion of haste
Books
 d - Sif Muna's Disquisition on Necromancy and Envenoming
   (Sif Muna gifted it to you in the Dungeon)

   Spells                             Type                      Level
   a - Animate Dead                   Necromancy                   4
   b - Control Undead                 Necromancy                   4
   c - Alistair's Intoxication        Transmutation/Poison         5
   d - Poison Arrow                   Conjuration/Poison           6
   e - Infestation                    Necromancy                   8
Comestibles
 t - 20 royal jellies


   Skills:
 * Level 14.6 Fighting
 * Level 12.8 Dodging
 + Level 9.8 Stealth
 * Level 14.0 Unarmed Combat
 + Level 9.6 Spellcasting
 + Level 3.3 Necromancy
 * Level 13.8 Transmutations
 + Level 9.5 Ice Magic
 + Level 6.5 Earth Magic
 + Level 9.8 Poison Magic


You had 2 spell levels left.
You knew the following spells:

 Your Spells              Type           Power        Failure   Level  Hunger
a - Beastly Appendage     Tmut           #####.       1%          1    None
b - Sticks to Snakes      Tmut           #####...     1%          2    None
c - Spider Form           Tmut/Pois      #####.....   1%          3    #......
d - Ice Form              Ice/Tmut       #####...     1%          4    ###....
e - Petrify               Tmut/Erth      #####...     1%          4    ###....
f - Blade Hands           Tmut           #####.....   1%          5    #####..
g - Necromutation         Tmut/Necr      ####......   100%        8    #######
h - Confusing Touch       Hex            #.....       4%          1    None


Dungeon Overview and Level Annotations

Branches:
Dungeon (1/1)

Altars:
Cheibriados
Dithmenos
Elyvilon
Fedhas
Gozag
Hepliaklqana
Kikubaaqudgha
Makhleb
Nemelex Xobeh
Okawaru
Qazlal
Ru
Sif Muna
Trog
Uskayaw
Vehumet
Wu Jian
Xom
Yredelemnul
Zin
The Shining One
Beogh
Jiyva
Lugonu

Shops:
D ?:(

Annotations:
D exclusion: 5 doors


Innate Abilities, Weirdness & Mutations

((You can spit globs of acid.))
((You are resistant to acid.))
((Your golden yellow scales are hard. (AC +8)))
You cannot fit into any form of body armour.
((You are cold-blooded and may be slowed by cold attacks.))
You are somewhat resistant to further mutation.
You are robust. (+10% HP)
((You are resistant to electric shocks. (rElec)))


Message History

The snapping turtle bites you!!
The snapping turtle completely misses you.
The snapping turtle bites you!
The snapping turtle bites you from afar!!
The snapping turtle bites you from afar!!
* * * LOW HITPOINT WARNING * * *
Unknown command.
The snapping turtle bites you from afar!
* * * LOW HITPOINT WARNING * * *
Unknown command.
The snapping turtle bites you from afar.
* * * LOW HITPOINT WARNING * * *
The snapping turtle bites you from afar!
* * * LOW HITPOINT WARNING * * *
Unknown command.
You feel better. The snapping turtle barely misses you.
The snapping turtle bites you from afar!
* * * LOW HITPOINT WARNING * * *
The snapping turtle bites you from afar!
You die...

....♣
♣♣.##.#####...#
....♣
♣.....##......#
+####
########'##########
.♣♣ ▓...........
♣.♣ ▓≈≈........≈
♣.♣♣ ▓≈≈≈PP..PP≈≈
♣♣.♣ ▓≈≈≈≈≈..≈≈≈≈
♣.♣♣ ▓≈≈≈≈≈≈≈≈≈≈≈
♣≈♣ ▓≈≈Y≈≈≈≈≈≈≈≈
♣.k ▓≈≈≈≈≈≈≈≈≈≈≈
♣♣.♣ ▓≈ttt≈≈≈≈≈≈≈
♣. ▓≈≈≈≈≈≈≈≈≈≈≈ ≈♣
▓≈≈≈≈≈≈≈≈≈≈≈ ..
▓≈≈≈≈≈≈≈≈≈≈≈ ≈§
▓≈≈≈≈≈≈≈≈≈≈≈
▓≈≈≈......≈≈
▓≈≈..∩∩φ∩t.≈


You could see 3 snapping turtles.

Vanquished Creatures
  Rupert (D)
  A kraken (D)
  Gastronok (D)
  2 dire elephants (D)
  Erolcha (D)
  2 hydras (D)
  4 death yaks (D)
  Urug (D)
  A deep elf knight (D)
  A death drake (D)
  A lindwurm (D)
  5 deep elf magi (D)
  2 elephants (D)
  2 black mambas (D)
  A komodo dragon (D)
  2 spiny frogs (D)
  A rime drake (D)
  A queen bee (D)
  2 tyrant leeches (D)
  8 blink frogs (D)
  2 snapping turtles (D)
  A shadow (D)
  5 redbacks (D)
  A spatial vortex (D)
  4 orc warriors (D)
  3 wandering mushrooms (D)
  A swamp drake (D)
  A necrophage (D)
  5 two-headed ogres (D)
  A water elemental (D)
  32 killer bees (D)
  An electric eel (D)
  2 orc priests (D)
  A jelly (D)
  Crazy Yiuf (D)
  A wizard (D)
  Jessica (D)
  A necromancer (D)
  3 humans (D)
  A kobold demonologist (D)
  2 oozes (D)
  12 orcs (D)
  A rat (D)
  3 ballistomycetes (D)
  2 plants (D)
  7 tentacles (D)
135 creatures vanquished.

Vanquished Creatures (others)
  2 draconian scorchers (D)
  6 hellions (D)
  3 yaktaurs (D)
  A ballistomycete spore (D)
  13 plants (D)
  38 tentacles (D)
63 creatures vanquished.

Grand Total: 198 creatures vanquished

Notes
Turn   | Place    | Note
-------+----------+-------------------------------------------
     0 | D        | Kidiri the Draconian Transmuter began the quest for the Orb.
     0 | D        | Reached XP level 1. HP: 16/16 MP: 3/3
    16 | D        | Reached skill level 1 in Stealth
    16 | D        | Reached XP level 2. HP: 18/24 MP: 3/5
   102 | D        | Killed a hellion
   104 | D        | Killed a hellion
   104 | D        | Killed a hellion
   105 | D        | Noticed Jessica
   111 | D        | Killed Jessica
   111 | D        | Reached XP level 3. HP: 20/31 MP: 4/6
   116 | D        | Learned a level 2 spell: Sticks to Snakes
   120 | D        | Learned a level 3 spell: Spider Form
   120 | D        | Killed a hellion
   126 | D        | Killed a hellion
   129 | D        | Killed a hellion
   160 | D        | Killed a yaktaur
   170 | D        | Killed a white draconian scorcher
   205 | D        | Killed a white draconian scorcher
   247 | D        | Noticed Crazy Yiuf
   260 | D        | Killed Crazy Yiuf
   276 | D        | Reached skill level 1 in Poison Magic
   276 | D        | Reached XP level 4. HP: 34/40 MP: 2/8
   315 | D        | Gained mutation: You can translocate small distances at will. [potion of mutation]
   315 | D        | Gained mutation: You have a pair of small antennae on your head. [potion of mutation]
   315 | D        | Gained mutation: Your system is resistant to poisons. (rPois) [potion of mutation]
   316 | D        | Lost mutation: Your system is resistant to poisons. (rPois) [potion of mutation]
   316 | D        | Lost mutation: You have a pair of small antennae on your head. [potion of mutation]
   316 | D        | Lost mutation: You can translocate small distances at will. [potion of mutation]
   316 | D        | Gained mutation: Your spells are a little harder to cast, but a little more powerful. [potion of mutation]
   316 | D        | Gained mutation: You have sharp toenails. [potion of mutation]
   318 | D        | Lost mutation: You have sharp toenails. [potion of mutation]
   318 | D        | Lost mutation: Your spells are a little harder to cast, but a little more powerful. [potion of mutation]
   318 | D        | Gained mutation: You are resistant to electric shocks. (rElec) [potion of mutation]
   318 | D        | Gained mutation: You are robust. (+10% HP) [potion of mutation]
   318 | D        | Gained mutation: You are somewhat resistant to further mutation. [potion of mutation]
   354 | D        | Noticed a water elemental
   367 | D        | Killed a water elemental
   367 | D        | Reached skill level 5 in Unarmed Combat
   367 | D        | Reached XP level 5. HP: 39/51 MP: 4/10
   375 | D        | Learned a level 4 spell: Ice Form
   451 | D        | Found a radiant altar of Vehumet.
   452 | D        | Found a deep blue altar of Sif Muna.
   452 | D        | Found an ancient bone altar of Kikubaaqudgha.
   453 | D        | Reached skill level 5 in Fighting
   454 | D        | Reached skill level 5 in Transmutations
   454 | D        | Reached skill level 1 in Ice Magic
   468 | D        | Became a worshipper of Sif Muna the Loreminder
   524 | D        | Learned a level 1 spell: Confusing Touch
   536 | D        | Found an ornate altar of the Wu Jian Council.
   536 | D        | Found a roughly hewn altar of Beogh.
   536 | D        | Found an iron altar of Okawaru.
   536 | D        | Found a bloodstained altar of Trog.
   536 | D        | Found a hide-covered altar of Uskayaw.
   536 | D        | Noticed a human
   536 | D        | Noticed a human
   545 | D        | Killed a human
   545 | D        | Reached skill level 5 in Dodging
   545 | D        | Reached XP level 6. HP: 53/62 MP: 7/12
   546 | D        | Killed a human
   546 | D        | Reached * piety under Sif Muna
   761 | D        | Found a glowing silver altar of Zin.
   762 | D        | Found a glowing golden altar of the Shining One.
   762 | D        | Found a white marble altar of Elyvilon.
   762 | D        | Noticed a deep elf mage
   772 | D        | Killed a deep elf mage
   772 | D        | Reached ** piety under Sif Muna
   772 | D        | Reached skill level 5 in Spellcasting
   772 | D        | Your scales start taking on a golden yellow colour.
   772 | D        | Reached XP level 7. HP: 73/73 MP: 8/14
   819 | D        | Learned a level 5 spell: Blade Hands
   823 | D        | Found a basalt altar of Yredelemnul.
   823 | D        | Found a shadowy altar of Dithmenos.
   823 | D        | Found a sacrificial altar of Ru.
   830 | D        | Reached skill level 5 in Stealth
   873 | D        | Noticed a shadow
   875 | D        | Killed a shadow
   875 | D        | Reached XP level 8. HP: 80/80 MP: 9/16
   876 | D        | Reached *** piety under Sif Muna
   919 | D        | Found a blossoming altar of Fedhas.
   919 | D        | Found a stormy altar of Qazlal.
   920 | D        | Found a snail-covered altar of Cheibriados.
   920 | D        | Found a burning altar of Makhleb.
   920 | D        | Found a hazy altar of Hepliaklqana.
   920 | D        | Found a shimmering altar of Xom.
   920 | D        | Found an opulent altar of Gozag.
   920 | D        | Found a sparkling altar of Nemelex Xobeh.
   920 | D        | Found a corrupted altar of Lugonu.
   920 | D        | Found a viscous altar of Jiyva.
  1005 | D        | Reached skill level 5 in Poison Magic
  1117 | D        | Noticed a two-headed ogre
  1122 | D        | Killed a two-headed ogre
  1122 | D        | Reached **** piety under Sif Muna
  1232 | D        | Noticed a two-headed ogre
  1232 | D        | Noticed Erolcha
  1238 | D        | Killed Erolcha
  1238 | D        | Reached skill level 5 in Ice Magic
  1238 | D        | Reached XP level 9. HP: 70/92 MP: 11/18
  1242 | D        | Killed a two-headed ogre
  1242 | D        | Reached skill level 10 in Fighting
  1277 | D        | Killed a yaktaur
  1649 | D        | Reached ***** piety under Sif Muna
  1673 | D        | Reached skill level 10 in Unarmed Combat
  1770 | D        | Noticed a queen bee
  1783 | D        | Received a gift from Sif Muna
  1787 | D        | Killed a queen bee
  1787 | D        | Reached skill level 10 in Transmutations
  1799 | D        | Reached XP level 10. HP: 78/102 MP: 16/20
  2155 | D        | Learned a level 4 spell: Petrify
  2729 | D        | Noticed a spiny frog
  2729 | D        | Noticed a spiny frog
  2740 | D        | Killed a spiny frog
  2740 | D        | Identified Sif Muna's Collected Works on Hurtful Enchantment (Sif Muna gifted it to you in the Dungeon)
  2740 | D        | Received a gift from Sif Muna
  2745 | D        | Killed a spiny frog
  3151 | D        | Reached skill level 10 in Dodging
  3243 | D        | Noticed a lindwurm
  3251 | D        | Killed a lindwurm
  3251 | D        | Reached skill level 1 in Earth Magic
  3320 | D        | Noticed Urug
  3329 | D        | Killed Urug
  3451 | D        | Reached XP level 11. HP: 100/113 MP: 16/22
  3504 | D        | Identified Sif Muna's Reference Book on Dark Good Luck (Sif Muna gifted it to you in the Dungeon)
  3504 | D        | Received a gift from Sif Muna
  3513 | D        | Reached ****** piety under Sif Muna
  3744 | D        | Noticed Rupert
  3755 | D        | Killed Rupert
  3803 | D        | Noticed a death yak
  3804 | D        | Noticed a death yak
  3811 | D        | Noticed a death yak
  3815 | D        | Noticed a death yak
  3815 | D        | Killed a death yak
  4113 | D        | Killed a death yak
  4113 | D        | Received a gift from Sif Muna
  4433 | D        | Killed a death yak
  4439 | D        | Killed a death yak
  4801 | D        | Noticed an azure jelly
  4801 | D        | Noticed an azure jelly
  4808 | D        | Noticed an azure jelly
  4808 | D        | Noticed an azure jelly
  4895 | D        | Noticed a death drake
  4938 | D        | Noticed a dire elephant
  4938 | D        | Noticed a dire elephant
  4938 | D        | Noticed Gastronok
  4950 | D        | Killed Gastronok
  4950 | D        | Reached skill level 5 in Earth Magic
  4950 | D        | Reached XP level 12. HP: 30/126 MP: 19/24
  4965 | D        | Killed a dire elephant
  4965 | D        | Identified Sif Muna's Disquisition on Necromancy and Envenoming (Sif Muna gifted it to you in the Dungeon)
  4965 | D        | Received a gift from Sif Muna
  5397 | D        | Killed a dire elephant
  5418 | D        | Learned a level 8 spell: Necromutation
  5705 | D        | Found Bobbumia's Distillery.
  5738 | D        | Reached skill level 1 in Necromancy
  5839 | D        | Bought a potion of heal wounds for 60 gold pieces
  5839 | D        | Bought a potion of curing for 36 gold pieces
  5839 | D        | Bought a potion of curing for 36 gold pieces
  5839 | D        | Bought a potion of might for 48 gold pieces
  5839 | D        | Bought a potion of heal wounds for 60 gold pieces
  5839 | D        | Bought a potion of cancellation for 96 gold pieces
  5839 | D        | Bought a potion of curing for 36 gold pieces
  5839 | D        | Bought a potion of invisibility for 96 gold pieces
  5839 | D        | Bought a potion of haste for 120 gold pieces
  6001 | D        | Noticed a five-headed hydra
  6001 | D        | Noticed a six-headed hydra
  6014 | D        | Killed a six-headed hydra
  6014 | D        | Identified Sif Muna's Tome of Supportive Intoxication (Sif Muna gifted it to you in the Dungeon)
  6014 | D        | Received a gift from Sif Muna
  6020 | D        | Killed a five-headed hydra
  6490 | D        | Noticed a deep elf annihilator
  6590 | D        | Noticed a deep elf high priest
  6768 | D        | Noticed a kraken
  8462 | D        | Killed a kraken
  8831 | D        | Found Yngaezai's Magic Scroll Emporium.
  8831 | D        | Found Aclonog's Book Shop.
  8831 | D        | Found Syuchelu's Antique Weapon Boutique.
  8844 | D        | Slain by a snapping turtle

Vault maps used:
D:        dungeon_sprint_mu

Skill      XL: |  1  2  3  4  5  6  7  8  9 10 11 12 |
---------------+-------------------------------------+-----
Dodging        | 2 3 4 5 6 7 8 9 10 11 12 | 12.8
Fighting       | 2 3 4 6 7 8 9 10 12 13 14 | 14.6
Stealth        | 1 2 3 4 5 6 7 9 |  9.8
Unarmed Combat | 4 5 6 7 8 9 10 11 13 14 | 14.0
Transmutations | 3 4 6 7 9 10 11 12 13 | 13.8
Spellcasting   | 3 4 5 6 7 8 9 |  9.6
Poison Magic   | 1 2 3 4 5 6 7 8 9 |  9.8
Ice Magic      | 2 3 4 5 6 7 8 9 |  9.5
Earth Magic    | 2 5 6 |  6.5
Necromancy     | 3 |  3.3

Action                   |  1- 3 |  4- 6 |  7- 9 | 10-12 || total
-------------------------+-------+-------+-------+-------++-------
Melee: Unarmed           |    31 |    28 |    73 |   348 ||   480
       Kick              |     3 |       |       |       ||     3
       Tailslap          |     3 |       |     7 |    40 ||    50
       Punch             |       |       |     3 |    12 ||    15
Throw: Throwing net      |       |       |       |     2 ||     2
       Javelin           |       |       |       |     2 ||     2
 Cast: Beastly Appendage |     4 |       |       |       ||     4
       Spider Form       |     2 |     1 |       |     1 ||     4
       Sticks to Snakes  |       |     1 |       |       ||     1
       Ice Form          |       |     3 |       |     5 ||     8
       Confusing Touch   |       |     1 |     3 |    20 ||    24
       Blade Hands       |       |       |    10 |    30 ||    40
       Petrify           |       |       |       |     3 ||     3
 Abil: Breathe Acid      |       |       |     2 |    13 ||    15
  Use: Scroll            |       |     4 |       |     1 ||     5
       Potion            |       |     4 |       |     7 ||    11
 Stab: Sleeping          |     1 |     2 |     4 |     4 ||    11
       Confused          |       |       |     1 |    10 ||    11
       Petrified         |       |       |       |     4 ||     4
  Eat: Bread ration      |       |       |     1 |       ||     1
       Chunk             |       |       |     1 |    12 ||    13
       Royal jelly       |       |       |     1 |    11 ||    12
Armor: Skin              |     1 |     3 |    13 |    57 ||    74
Dodge: Dodged            |    20 |    12 |    48 |   257 ||   337

Table legend:
 A = Spawn XP
 B = Non-spawn XP
 C = Spawn XP percentage of total XP
 D = Spawn monster count
 E = Non-spawn monster count
 F = Spawn count percentage of total count
 G = Total turns spent on level
                    A         B        C        D         E        F      G
               +---------+---------+-------+---------+---------+-------+---------
         Total |       0 |   35807 |   0.0 |       0 |     123 |   0.0 |  8844
               +---------+---------+-------+---------+---------+-------+---------
             D |       0 |   35807 |   0.0 |       0 |     123 |   0.0 |  8844
               +---------+---------+-------+---------+---------+-------+---------
